 Dungeon Crawl Stone Soup version 0.22.1-2-g9c5b331 (webtiles) character file.

27 magicm the Shooter (level 2, -5/24 HPs)
             Began as a Centaur Hunter on Nov 20, 2018.
             Slain by Natasha (7 damage)
             ... on level 2 of the Dungeon.
             The game lasted 00:03:10 (973 turns).

magicm the Shooter (Centaur Hunter)                  Turns: 973, Time: 00:03:10

Health: -5/24      AC:  5    Str: 14    XL:     2   Next: 93%
Magic:  2/2        EV:  9    Int: 10    God:
Gold:   80         SH:  0    Dex:  9    Spells: 1/1 levels left

rFire    + . .     SeeInvis .   a - +1 shortbow
rCold    x . .     Gourm    .   (shield currently unavailable)
rNeg     . . .     Faith    .   c - +0 leather armour
rPois    .         Spirit   .   (no helmet)
rElec    .         Reflect  .   (no cloak)
rCorr    +         Harm     .   e - +0 pair of gloves
MR       .....                  (no barding)
Stlth    +.........             (no amulet)
HPRegen  0.08/turn              h - ring of resist corrosion
MPRegen  0.08/turn              l - ring of fire

@: slowed
A: large, hooves 3, deformed body, speed 2, tough skin 3
a: no special abilities


You were on level 2 of the Dungeon.
You were not hungry.

You visited 1 branch of the dungeon, and saw 2 of its levels.

You collected 80 gold pieces.

Inventory:

Hand Weapons
 a - a +1 shortbow (weapon)
 b - a +2 falchion of slicing
Missiles
 d - 47 arrows (quivered)
Armour
 c - a +0 leather armour (worn)
 e - a +0 pair of gloves (worn)
Jewellery
 h - a ring of resist corrosion (left hand)
 l - a ring of fire (right hand)
Scrolls
 i - a scroll of remove curse
 n - a scroll of teleportation
Potions
 g - 2 potions of ambrosia {unknown}
 j - a potion of lignification {unknown}
 k - 2 potions of degeneration {unknown}
 m - a potion of resistance {unknown}
Comestibles
 f - 2 rations


   Skills:
 + Level 2.0 Fighting
 + Level 6.5 Bows
 + Level 1.5 Dodging
 + Level 0.4 Stealth


You had one spell level left.
You didn't know any spells.
Your spell library was empty.

Dungeon Overview and Level Annotations

Branches:
Dungeon (2/15)

Altars:
Xom

Annotations:
D:2 Natasha


Innate Abilities, Weirdness & Mutations

You have hooves in place of feet.
Armour fits poorly on your strangely shaped body.
You cover ground very quickly.
You have extremely tough skin. (AC +3)


Message History

The shadow imp barely misses you. Natasha claws you but does no damage.
The shadow imp misses you.
Firing (i - inventory)
d - 49 arrows (quivered)
Press: ? - help, Shift-Dir - straight line, f/p - Natasha
Aim: Natasha (severely wounded)
You shoot an arrow. The arrow barely misses Natasha.
Natasha claws you.
The shadow imp hits you but does no damage.
Natasha barely misses you.
Firing (i - inventory)
d - 48 arrows (quivered)
Press: ? - help, Shift-Dir - straight line, f/p - Natasha
Aim: Natasha (severely wounded)
You shoot an arrow.
The arrow hits Natasha but does no damage.
Natasha is severely wounded.
The shadow imp hits you. Natasha claws you.
* * * LOW HITPOINT WARNING * * *
The shadow imp hits you.
* * * LOW HITPOINT WARNING * * *
Natasha claws you!
You die...

#(.#.. ...#..
.....###############
#.(....##.8.8.8^8.#
.(....#8_......8#
#(.#l#.........#
###5#.#.........#
#[..h.#8.......8#
#.##@##.........# #.
#.##8.......8# .
#..####..)#### ##
##.#.##...#
#.#.##...#
#...##8.8#
##..###'## #..# #.#
##.# #.#


You could see Natasha, a shadow imp and a leopard gecko.

Vanquished Creatures
  3 dart slugs (D:1)
  2 leopard geckos (D:1)
  A giant cockroach (D:1)
  2 hobgoblins
  3 kobolds (D:1)
  5 goblins (D:1)
  2 rats (D:1)
18 creatures vanquished.

Notes
Turn   | Place    | Note
-------+----------+-------------------------------------------
     0 | D:1      | magicm the Centaur Hunter began the quest for the Orb.
     0 | D:1      | Reached XP level 1. HP: 17/17 MP: 1/1
   193 | D:1      | Reached skill level 6 in Bows
   193 | D:1      | Reached XP level 2. HP: 24/24 MP: 2/2
   906 | D:2      | Found a white marble altar of Elyvilon.
   908 | D:2      | Found a shimmering altar of Xom.
   908 | D:2      | Found a white marble altar of Elyvilon.
   910 | D:2      | Found a stormy altar of Qazlal.
   910 | D:2      | Found an opulent altar of Gozag.
   910 | D:2      | Found a shimmering altar of Xom.
   963 | D:2      | Noticed Natasha
   973 | D:2      | Slain by Natasha

Skill      XL: |  1 |
---------------+----+-----
Bows           | 6 |  6.5
Fighting       | |  2.0
Dodging        | |  1.5
Stealth        | |  0.4

Action                   || total
-------------------------++-------
 Fire: Shortbow          ||    60
  Use: Scroll            ||     4
Armor: Leather armour    ||    14
Dodge: Dodged            ||     5
